 Dungeon Crawl Stone Soup version 0.31-a0-986-g5e6e4ef867 (webtiles) character file.

Game seed: 7259753419032412963

30 Persephone the Ruffian (level 3, -4/29 HPs)
             Began as a Draconian Shapeshifter on Nov 9, 2023.
             Killed by nerve-wracking pain
             ... invoked by Jessica
              (11 damage)
             ... on level 2 of the Dungeon.
             The game lasted 00:01:12 (1030 turns).

Persephone the Ruffian (Draconian Shapeshifter)     Turns: 1030, Time: 00:01:13

Health: -4/29      AC:  5    Str: 18    XL:     3   Next: 3%
Magic:  3/3        EV: 12    Int: 10    God:
Gold:   17         SH:  0    Dex: 10    Spells: 2/2 levels left

rFire   . .          .
                       - Unarmed
rCold   . . .        (no shield)
rNeg    . . .        (body armour unavailable)
rPois   .            (helmet currently unavailable)
rElec   .            (cloak currently unavailable)
rCorr   .            (gloves currently unavailable)
SInv    .            (boots currently unavailable)
Will    .....        (no amulet)
Stlth   +            (no ring)
HPRegen 0.24/turn    (no ring)
MPRegen 0.08/turn

%: no passive effects
@: beast-form
A: beast (slay +1), AC +5, unfitting armour, cold-blooded
a: Begin Untransformation


You were on level 2 of the Dungeon.
You were a hulking beast.
You visited 1 branch of the dungeon, and saw 2 of its levels.

You collected 17 gold pieces.

Inventory:

Talismans
 b - a beast talisman
 c - a flux talisman
Scrolls
 d - a scroll of fog {unknown}
 e - 3 scrolls of identify {unknown}
 f - a scroll of teleportation {unknown}
 g - a scroll of enchant weapon {unknown}
 h - a scroll of amnesia {unknown}
 i - a scroll of enchant armour {unknown}
Potions
 a - a potion of lignification


   Skills:
 + Level 2.1 Fighting
 - Level 1.7 Dodging
 + Level 3.4 Unarmed Combat
 + Level 3.3 Shapeshifting


You had 2 spell levels left.
You didn't know any spells.
Your spell library contained the following spells:

 Spells                   Type           Power      Damage    Failure   Level
 Olgreb's Toxic Radiance  Pois           0%         N/A       98%         4
 Discord                  Hex            0%         N/A       100%        8
 Ignition                 Fire           0%         3d3       100%        8


Dungeon Overview and Level Annotations

Branches:
Dungeon (2/15)

Altars:

Shops:
D:1 (

Annotations:
D:2 Jessica


Innate Abilities, Weirdness & Mutations

You are a hulking beast.
Your limbs bulge with bestial killing power. (Slay +1)
Your plain brown scales are hard. (AC +5)
You cannot fit into any form of body armour.
You are cold-blooded and may be slowed by cold attacks.


Message History

You feel sick. The adder bites you.
You closely miss the adder.
The adder is moderately wounded.
You feel sick. The adder bites you but does no damage.
The adder closely misses you.
You punch the adder!
You kill the adder!
You feel sick.
Your Fighting skill increases to level 2!
You have reached level 3!
Your experience leads to an increase in your attributes!
Increase (S)trength, (I)ntelligence, or (D)exterity?
You feel stronger. x2; Your scales feel tougher.
You feel sick.
You are no longer poisoned.
HP restored.
h - a scroll labelled ITHRIO EV VUYNU
i - a scroll labelled NANKUU PUNAMN Jessica the Apprentice Sorceress comes into view.
She is wielding a +0 dagger.
Jessica shouts!
Jessica moves out of view.
Jessica gestures at you while chanting. Pain shoots through your body!
Lua - Auto Kill stopped.
Not in fighting shape.
A dart slug comes into view.
Jessica gestures wildly while chanting.
Jessica seems to speed up.
The dart slug launches a dart at you. The slug dart hits you.
Jessica hits you with a +0 dagger.
Okay, then.
You hit Jessica.
Your tail-slap misses Jessica.
Jessica is severely wounded.
Jessica hits you with a +0 dagger.
* * * LOW HITPOINT WARNING * * *
You hit Jessica.
Jessica is severely wounded.
Jessica casts a spell at you. Pain shoots through your body!
You die...

...##............#
.....#..........# #
#...##...<[†..####
#..##.....###.... #
#..#...####...### ..
####...........### #
..##.##.............##
#.......###....####..##
###......h@....#
##....##
.....####.......# ##...
.###. #........# #### #
#.........# #
..........# #.........
..w...... #........


You could see a dart slug and Jessica (fast).

Vanquished Creatures
  An adder (D:2)
  A bat (D:1)
  3 endoplasms (D:1)
  A hobgoblin (D:1)
  2 kobolds (D:1)
  A quokka (D:1)
  3 ball pythons (D:1)
  A frilled lizard (D:1)
  4 goblins (D:1)
  4 rats (D:1)
21 creatures vanquished.

Notes
Turn   | Place    | Note
-------+----------+-------------------------------------------
     0 | D:1      | Persephone the Draconian Shapeshifter began the quest for
                  | the Orb.
     0 | D:1      | Reached XP level 1. HP: 16/16 MP: 1/1
   430 | D:1      | Reached XP level 2. HP: 19/23 MP: 2/2
   749 | D:1      | Found Zeisuf's Weapon Shoppe.
   956 | D:2      | Reached XP level 3. HP: 17/29 MP: 3/3
  1021 | D:2      | Noticed Jessica
  1030 | D:2      | Killed from afar by Jessica

Illustrated notes

Levels and vault maps discovered:
D:1:      dpeg_arrival_renting, layout_loops_corners, serial_shops, shop
D:2:      layout_rooms, nicolae_ecumenical_snake_handling, dk_noncrumbling_2,
          uniq_jessica

Skill      XL: |  1  2 |
---------------+-------+-----
Fighting       | 2 |  2.1
Dodging        | |  1.7
Unarmed Combat | |  3.4
Shapeshifting  | |  3.3

Action                     || total
---------------------------++-------
  Melee: Unarmed           ||    59
         Tailslap          ||     8
         Punch             ||     1
 Armour: Skin              ||    32
  Dodge: Dodged            ||    30

Table legend: (Time is in decaauts)
 A = Elapsed time spent in this place.
 B = Non-inter-level travel time spent in this place.
 C = Inter-level travel time spent in this place.
 D = Time resting spent in this place.
 E = Time spent auto-exploring this place.
 F = Levels seen in this place.
 G = Mean time per level.
                   A        B        C        D        E       F      G
               +--------+--------+--------+--------+--------+-----+--------+
         Total |   1028 |   1001 |     27 |      0 |    866 |   2 |  514.0 |
       Dungeon |   1028 |   1001 |     27 |      0 |    866 |   2 |  514.0 |
               +--------+--------+--------+--------+--------+-----+--------+

Top non-repeatable levels by time:
     D:1: 917 daAuts
     D:2: 111 daAuts
